 Dungeon Crawl Stone Soup version 0.31-a0-750-gfe7b580527 (webtiles) character file.

Game seed: 2893133687264821133

31 cforsyth the Sneak (level 3, -2/30 HPs)
             Began as a Djinni Delver on Sept 15, 2023.
             Slain by an ogre
             ... wielding a +0 giant club
              (11 damage)
             ... on level 5 of the Dungeon.
             The game lasted 00:00:41 (285 turns).

cforsyth the Sneak (Djinni Delver)                   Turns: 285, Time: 00:00:42

Health: -2/30      AC:  3    Str: 11    XL:     3   Next: 40%
Gold:   0          EV: 12    Int: 13    God:
                   SH:  0    Dex: 14

rFire   + + .        a - +0 falchion
rCold   x . .        (no shield)
rNeg    . . .        b - +0 leather armour
rPois   ∞            (no helmet)
rElec   .            (no cloak)
rCorr   .            (no gloves)
SInv    .            (boots unavailable)
Will    .....        (no amulet)
Stlth   +            (no ring)
HPRegen 0.25/turn    (no ring)
MPRegen 0.00/turn

%: infuse magic (-3 HP)
@: silenced, flying, hasted, very quick
A: sickness immunity, fire resistance 2, cold vulnerability 1, float, innate
caster, HP casting, extra vitality 1
a: no special abilities


You were on level 5 of the Dungeon.
You visited 1 branch of the dungeon, and saw 1 of its levels.

Inventory:

Hand Weapons
 a - a +0 falchion (weapon)
Armour
 b - a +0 leather armour (worn)
Wands
 g - a wand of digging (3)
Scrolls
 c - a scroll of fog
 d - a scroll of revelation
Potions
 f - 2 potions of haste


   Skills:
 + Level 3.6 Fighting
 - Level 1.7 Long Blades
 - Level 2.1 Dodging
 - Level 4.1 Stealth
 + Level 1.2 Spellcasting
 + Level 1.2 Conjurations
 + Level 1.2 Hexes
   Level 0.0 Charms
 + Level 1.2 Summonings
 + Level 1.2 Necromancy
 + Level 1.2 Translocations
 + Level 1.2 Transmutations
 + Level 1.2 Fire Magic
 + Level 1.2 Ice Magic
 + Level 1.2 Air Magic
 + Level 1.2 Earth Magic
 + Level 1.2 Poison Magic


You knew the following spells:

 Your Spells              Type           Power      Damage    Failure   Level
a - Freeze                Ice            16%        1d4       22%         1
Your spell library was empty.

Dungeon Overview and Level Annotations

Branches:
Dungeon (5/15)
 Temple: D:4-7

Altars:


Innate Abilities, Weirdness & Mutations

You are immune to sickness and miasma.
You are immune to poison.
Your flesh is very heat resistant. (rF++)
You are vulnerable to cold. (rC-)
You float through the air rather than walking.
You learn spells naturally, not from books.
Your magical power is your life essence.
You have superior vitality. (+4 MHP)


Message History

Confirm with . or Enter, or press ? or * to list all spells.
Aiming: Freeze (safe; 22% risk of failure)
Press: ? - help, Shift-Dir - straight line, f/p - shadow imp
Aim: a shadow imp You freeze the shadow imp but do no damage.
The shadow imp completely resists.
* * * LOW HITPOINT WARNING * * *
The shadow imp hits you.
* * * LOW HITPOINT WARNING * * *
The howler monkey hoots and howls with incredible vigour!
As you read the scroll of fear, it crumbles to dust.
You assume a fearsome visage.
The iguana looks frightened!
The howler monkey looks frightened!
The shadow imp looks frightened!
Your magical contamination has completely faded away.
Found a scroll labelled CEDOQI ISEINASCH.
e - a scroll labelled CEDOQI ISEINASCH
Found 2 potions of haste.
f - 3 potions of haste (gained 2)
You start resting.
HP restored.
There is a stone staircase leading down here.
An ogre comes into view. It is wielding a +0 giant club.
Found 15 gold pieces.
An ogre comes into view. It is wielding a +0 giant club.
The ogre shouts!
An adder comes into view.
Okay, then.
Okay, then.
As you read the scroll labelled CEDOQI ISEINASCH, it crumbles to dust.
A profound silence engulfs you.
It was a scroll of silence.
You feel yourself speed up.
The ogre hits you with a +0 giant club!!
Ouch! That really hurt!
* * * LOW HITPOINT WARNING * * *
You hit the ogre.
The ogre is lightly wounded.
You hit the ogre.
The ogre is moderately wounded.
The ogre hits you with a +0 giant club!
You die...

## .##### # #. #.#... .
. #. #...# # #.. #.##
#...# #
....####.###....# # ##
.....S......#..$##.####.
#.@O.............#.
########...#####.#.
#...# #.#.
########...#####.#.
##..................
#.......##.######.##
#..####.##.##....#.# .
#.##.##.###.##
#.##.##.######


You could see an ogre and an adder.

Vanquished Creatures
  A hound (D:5)
1 creature vanquished.

Notes
Turn   | Place    | Note
-------+----------+-------------------------------------------
     0 | D:5      | cforsyth the Djinni Delver began the quest for the Orb.
     0 | D:5      | Reached XP level 1. HP: 20/20 MP: 0/0
    13 | D:5      | Noticed a hound
    25 | D:5      | Killed a hound
    26 | D:5      | Reached skill level 1 in Spellcasting
    26 | D:5      | Reached skill level 1 in Conjurations
    26 | D:5      | Reached skill level 1 in Hexes
    26 | D:5      | Reached skill level 1 in Summonings
    26 | D:5      | Reached skill level 1 in Necromancy
    26 | D:5      | Reached skill level 1 in Translocations
    26 | D:5      | Reached skill level 1 in Transmutations
    26 | D:5      | Reached skill level 1 in Fire Magic
    26 | D:5      | Reached skill level 1 in Ice Magic
    26 | D:5      | Reached skill level 1 in Air Magic
    26 | D:5      | Reached skill level 1 in Earth Magic
    26 | D:5      | Reached skill level 1 in Poison Magic
    26 | D:5      | Reached XP level 2. HP: 15/25 MP: 0/0
    26 | D:5      | Reached XP level 3. HP: 18/30 MP: 0/0
    26 | D:5      | Learned a level 1 spell: Freeze
   265 | D:5      | Noticed an ogre
   275 | D:5      | Noticed an ogre
   285 | D:5      | Slain by an ogre

Illustrated notes

Levels and vault maps discovered:
D:5:      layout_loops_ring, pdpol_wu_jian_five_deadly_venoms, kennysheep_mini

Skill      XL: |  1 |
---------------+----+-----
Spellcasting   | 1 |  1.2
Conjurations   | 1 |  1.2
Hexes          | 1 |  1.2
Summonings     | 1 |  1.2
Necromancy     | 1 |  1.2
Translocations | 1 |  1.2
Transmutations | 1 |  1.2
Fire Magic     | 1 |  1.2
Ice Magic      | 1 |  1.2
Air Magic      | 1 |  1.2
Earth Magic    | 1 |  1.2
Poison Magic   | 1 |  1.2
Fighting       | |  3.6
Long Blades    | |  1.7
Dodging        | |  2.1
Stealth        | |  4.1

Action                     || total
---------------------------++-------
  Melee: Falchion          ||    22
   Cast: Freeze            ||     2
    Use: Scroll            ||     2
         Potion            ||     1
 Armour: Leather armour    ||    18
  Dodge: Dodged            ||    19

Table legend: (Time is in decaauts)
 A = Elapsed time spent in this place.
 B = Non-inter-level travel time spent in this place.
 C = Inter-level travel time spent in this place.
 D = Time resting spent in this place.
 E = Time spent auto-exploring this place.
 F = Levels seen in this place.
 G = Mean time per level.
                   A        B        C        D        E       F      G
               +--------+--------+--------+--------+--------+-----+--------+
         Total |    289 |    289 |      0 |     54 |    145 |   1 |  289.0 |
       Dungeon |    289 |    289 |      0 |     54 |    145 |   1 |  289.0 |
               +--------+--------+--------+--------+--------+-----+--------+

Top non-repeatable levels by time:
     D:5: 289 daAuts
